AoeStats
← 散步黑鵝

Arabia

507745391Analyzed
4v4 RM · 13d ago on Sep 19, 2026· 27m 57s· 8 players
Game mode
Random Map
Map size
Large (8 player)
Population
200
Speed
Normal
Resources
Standard
Victory
Conquest
Starting age
Dark Age
Ending age
Imperial Age
RankedLock teamsTeams togetherTeam positionsShared explorationLock speedFull tech treeHidden civsTurbo modeCheats
Victory
Defeat
🇹🇼 Vietnamese · Taiwan
2066
+4
🇹🇼 Bengalis · Taiwan
1838
+9
🇹🇼 Georgians · Taiwan
1733
+12
🇹🇼 Khmer · Taiwan
1591
+42
🇯🇵 Franks · Japan
1781
-15
🇹🇼 Magyars · Taiwan
1708
-11
🇲🇽 Japanese · Mexico
1632
-9
🇫🇷 Britons · France
1595
-8
SimmaHem7912
8:03 Feudal Age
8:34 Double-Bit Axe
8:50 Loom
YanShiba
5:55 Loom
8:59 Feudal Age
9:53 Double-Bit Axe
16:07 Wheelbarrow
17:59 Scale Barding Armor
20:34 Castle Age
19:20 Bloodlines
19:27 Horse Collar
20:55 Scale Barding Armor
21:08 Gold Mining
21:27 Light Cavalry
24:19 Chain Barding Armor
25:11 Husbandry
76nateK
6:40 Loom
8:49 Feudal Age
9:31 Double-Bit Axe
13:53 Fletching
16:55 Horse Collar
18:23 Padded Archer Armor
22:28 Castle Age
22:34 Crossbowman
23:13 Bodkin Arrow
24:02 Ballistics
24:36 Leather Archer Armor
25:53 Bow Saw
NeeNee
6:01 Loom
8:57 Feudal Age
9:26 Double-Bit Axe
19:54 Castle Age
18:40 Scale Barding Armor
19:34 Forging
19:16 Gold Mining
21:08 Bow Saw
21:24 Husbandry
22:08 Wheelbarrow
小蜜蜂
8:41 Loom
10:26 Feudal Age
14:37 Castle Age
14:39 Double-Bit Axe
18:34 Fletching
19:50 Padded Archer Armor
20:53 Town Watch
24:08 Bodkin Arrow
米克斯
6:34 Loom
9:40 Feudal Age
18:36 Wheelbarrow
21:50 Castle Age
20:57 Scale Barding Armor
23:20 Bloodlines
24:03 Hand Cart
23:51 Husbandry
23:49 Horse Collar
23:56 Double-Bit Axe
Nezzar
7:19 Loom
9:18 Feudal Age
10:11 Double-Bit Axe
11:48 Horse Collar
13:49 Bloodlines
15:55 Scale Barding Armor
18:10 Wheelbarrow
19:13 Forging
23:47 Castle Age
21:45 Gold Mining
23:48 Light Cavalry
24:29 Husbandry
25:05 Iron Casting
25:30 Bow Saw
25:21 Heavy Plow
25:50 Chain Barding Armor
散步黑鵝
6:27 Loom
9:19 Feudal Age
9:52 Double-Bit Axe
15:16 Fletching
22:37 Wheelbarrow
25:13 Castle Age
23:38 Gold Mining
23:29 Horse Collar
25:04 Bloodlines
25:51 Bodkin Arrow
25:57 Husbandry
27:26 Bow Saw
Connection lost

Rejoining the realm…

Still unreachable

The connection could not be restored.

Session expired

The server has moved on; the page needs a fresh start.